 Dungeon Crawl Stone Soup version 0.24-b1 (webtiles) character file.

Game seed: 1565523365562284785, levelgen mode: deterministic

2490 MalarOregon the Fighter (level 9, 0/81 (82) HPs)
             Began as a Yellow Draconian Conjurer on Oct 13, 2019.
             Was a Follower of Vehumet.
             Succumbed to a killer bee's poison
             ... on level 7 of the Dungeon.
             The game lasted 00:14:50 (7851 turns).

MalarOregon the Fighter (Yellow Draconian Conjurer) Turns: 7851, Time: 00:14:51

HP:   0/81 (82)     AC:  8    Str: 10    XL:     9   Next: 27%
MP:   1/17          EV: 14    Int: 20    God:    Vehumet [*.....]
Gold: 210           SH:  0    Dex: 11    Spells: 11/19 levels left

rFire    . . .     SeeInvis .   f - +1 whip (elec)
rCold    . . .     Gourm    .   (no shield)
rNeg     . . .     Faith    .   (armour unavailable)
rPois    .         Spirit   .   (helmet restricted)
rElec    .         Reflect  .   t - +0 cloak
rCorr    +         Harm     .   (no gloves)
MR       +....                  (no boots)
Stlth    ++........             (no amulet)
HPRegen  0.23/turn              l - ring of protection from magic
MPRegen  0.15/turn              (no ring)

@: lethally poisoned (0 -> -2), short of breath, invisible
A: spit acid, unfitting armour, cold-blooded, acid resistance, AC +7
a: Breathe Acid, Renounce Religion


You were on level 7 of the Dungeon.
You worshipped Vehumet.
Vehumet was aware of your devotion.
You were near starving.

You visited 2 branches of the dungeon, and saw 8 of its levels.

You collected 210 gold pieces.

Inventory:

Hand Weapons
 f - a +1 whip of electrocution (weapon)
   (You took it off Pikel on level 5 of the Dungeon)
Missiles
 c - 15 poisoned darts
 q - 7 curare-tipped darts (quivered) {!f}
Armour
 t - a +0 cloak (worn)
   (You found it on level 3 of the Dungeon)
Jewellery
 l - a ring of protection from magic (left hand)
   (You found it on level 2 of the Dungeon)
Wands
 v - a wand of digging (5)
   (You took it off Natasha on level 2 of the Dungeon)
Scrolls
 a - a scroll of amnesia
 b - 6 scrolls of remove curse {unknown}
 g - 2 scrolls of identify {@r1}
 h - a scroll of magic mapping {unknown}
 j - 3 scrolls of immolation {!r}
 m - 2 scrolls of noise {unknown}
 n - a scroll of fog {unknown}
 o - 2 scrolls of enchant armour
 u - 2 scrolls of enchant weapon {unknown}
 x - a scroll of teleportation {@r4}
Potions
 d - a potion of might
 i - a potion of magic {unknown}
 k - a potion of degeneration {unknown}
 r - 2 potions of cancellation
 s - 3 potions of brilliance {unknown}
Comestibles
 e - 12 rations {!d}


   Skills:
 * Level 8.4 Fighting
 + Level 5.4 Dodging
 - Level 1.7 Stealth
 + Level 5.5 Spellcasting
 + Level 7.0 Conjurations


You had 11 spell levels left.
You knew the following spells:

 Your Spells              Type           Power        Failure   Level  Hunger
a - Magic Dart            Conj           ####         1%          1    None
s - Dazzling Spray        Conj/Hex       ###...       8%          3    ##.....
x - Iskenderun's Mystic   Conj           ####....     6%          4    ####...

Your spell library contained the following spells:

 Spells                   Type           Power        Failure   Level  Hunger
 Freeze                   Ice            #...         11%         1    None
 Searing Ray              Conj           ####..       1%          2    None
 Summon Small Mammal      Summ           #...         11%         1    None
 Call Imp                 Summ           #.......     17%         2    None
 Force Lance              Conj/Tloc      ###.....     26%         4    ####...
 Fulminant Prism          Conj/Hex       ###.......   26%         4    ####...
 Call Canine Familiar     Summ           #.......     32%         3    ##.....
 Summon Guardian Golem    Hex/Summ       #.......     32%         3    ##.....
 Summon Ice Beast         Ice/Summ       #.......     73%         4    ####...
 Summon Lightning Spire   Summ/Air       #.......     73%         4    ####...


Dungeon Overview and Level Annotations

Branches:
Dungeon (7/15)             Temple (1/1) D:5

Altars:
Ashenzari
Cheibriados
Dithmenos
Elyvilon
Fedhas
Gozag
Hepliaklqana
Kikubaaqudgha
Makhleb
Nemelex Xobeh
Okawaru
Qazlal
Ru
Sif Muna
Trog
Uskayaw
Vehumet
Wu Jian
Xom
Yredelemnul
Zin
The Shining One

Shops:
D:4 :

Annotations:
D:4 1 runed translucent door, Conn's ghost, amateur OpFE
D:6 1 runed translucent door, Crazy Yiuf


Innate Abilities, Weirdness & Mutations

You can spit globs of acid.
Your golden yellow scales are hard. (AC +7)
You cannot fit into any form of body armour.
You are cold-blooded and may be slowed by cold attacks.
You are resistant to acid. (rCorr)


Message History

You feel sick. The water moccasin barely misses you.
You hit the water moccasin but do no damage.
Your tail-slap misses the water moccasin.
You feel sick. The water moccasin barely misses you.
The water moccasin bites you.
* * * LOW HITPOINT WARNING * * *
You miss the water moccasin.
You feel sick. The water moccasin misses you.
You whack the water moccasin!
You feel sick.
The water moccasin bites you but does no damage.
The orc priest calls down the wrath of Beogh upon you.
Beogh smites you!
* * * LOW HITPOINT WARNING * * *
The water moccasin barely misses you.
Aim: a water moccasin (moderately wounded)
The orb of energy misses the water moccasin.
The orb of energy hits the orc priest!
The orb of energy explodes!
The water moccasin barely misses you.
You closely miss the water moccasin.
You feel sick. The water moccasin misses you.
The water moccasin bites you but does no damage.
You barely miss the water moccasin.
You feel sick.
The orc priest invokes the aid of Beogh against you.
Beogh smites you!
* * * LOW HITPOINT WARNING * * *
The water moccasin misses you.
Okay, then.
Unknown command.
Okay, then.
Okay, then.
Okay, then.
The water moccasin misses you.
Okay, then.
It was a potion of cancellation.
You feel magically purged.
You have got your breath back.
* * * LOW HITPOINT WARNING * * *
You feel sick. The water moccasin misses you.
Aim: an orc priest, wielding a +0 whip and wearing a cursed +0 leather armour (heavily wounded)
You spit a glob of acid.
The glob of acid misses the water moccasin.
The glob of acid hits the orc priest!
The orc priest is splashed with acid.
The acid corrodes the orc priest!
You kill the orc priest!
Vehumet accepts your kill.
You are near starving!
The water moccasin closely misses you. The water moccasin barely misses you.
Unknown command.
There is a lethal amount of poison in your body!
It was a potion of invisibility.
You fade into invisibility!
You die...

... #.# .... #.# ....# #.#
..# . ...# #.########.# ..
... #.#......#.# .. #.##
#.#.####.#.#..#
######..######.#.####)#.#..#
........)5S@..............>.
######o######.#.####.#.####
#.o# #.#.# #....... ##y#
#.#.# #/#####. #S## #.#.#
#.##<... #y)# #.#.# #.#####.
##o# #.#.# #....... #.....#
#.#.. ..#####. #...... #.#
#.


You could see a water moccasin, a shadow imp and an orc.

Vanquished Creatures
  Pikel (D:5)
  A wyvern (D:5)
  Grum (D:5)
  Edmund (D:4)
  2 necrophages
  An orc warrior (D:7)
  An ogre (D:5)
  A wolf (D:5)
  A gnoll sergeant (D:5)
  3 killer bees (D:7)
  A scorpion (D:4)
  5 wights (D:6)
  A jelly (D:5)
  7 hounds
  2 orc priests
  2 orc wizards
  An iguana (D:6)
  Natasha (thrice) (D:2)
  3 worker ants
  A hound zombie (D:5)
  Robin (D:2)
  6 adders
  6 gnolls (D:5)
  3 worms
  A dart slug (D:4)
  5 leopard geckos
  15 orcs
  3 giant cockroaches
  15 goblins
  5 hobgoblins
  4 jackals
  3 quokkas
  5 ball pythons
  5 bats
  3 frilled lizards
  6 kobolds
  A leopard gecko skeleton (D:5)
  8 rats
134 creatures vanquished.

Vanquished Creatures (others)
  A slave (D:6)
  A bullfrog (D:6)
  A worker ant zombie (D:6)
3 creatures vanquished.

Grand Total: 137 creatures vanquished

Notes
Turn   | Place    | Note
-------+----------+-------------------------------------------
     0 | D:1      | MalarOregon the Draconian Conjurer began the quest for the
                  | Orb.
     0 | D:1      | Reached XP level 1. HP: 14/14 MP: 3/3
   369 | D:1      | Reached XP level 2. HP: 14/22 MP: 5/5
   839 | D:2      | Reached skill level 1 in Fighting
   887 | D:2      | Noticed Natasha
   910 | D:2      | Noticed a crimson imp
   918 | D:2      | Killed Natasha
   918 | D:2      | Reached XP level 3. HP: 17/28 MP: 0/6
  1066 | D:2      | Noticed Natasha
  1071 | D:2      | Killed Natasha
  1071 | D:2      | Reached XP level 4. HP: 36/36 MP: 1/7
  1139 | D:2      | Noticed Natasha
  1146 | D:2      | Killed Natasha
  1146 | D:2      | Reached skill level 2 in Fighting
  1650 | D:2      | Noticed Robin
  1663 | D:2      | Killed Robin
  1688 | D:2      | Reached XP level 5. HP: 23/42 MP: 0/9
  1809 | D:2      | Found a radiant altar of Vehumet.
  1959 | D:2      | Found a shadowy altar of Dithmenos.
  2155 | D:3      | Found a white marble altar of Elyvilon.
  2499 | D:3      | Found a burning altar of Makhleb.
  2501 | D:3      | Found a sparkling altar of Nemelex Xobeh.
  2501 | D:3      | Found an ancient bone altar of Kikubaaqudgha.
  2503 | D:3      | Found a shimmering altar of Xom.
  2503 | D:3      | Found a glowing golden altar of the Shining One.
  2503 | D:3      | Found a stormy altar of Qazlal.
  2913 | D:2      | Became a worshipper of Vehumet
  2988 | D:4      | Reached skill level 3 in Fighting
  3092 | D:4      | Found Ythriribe's Book Shoppe.
  3166 | D:4      | Learned a level 3 spell: Dazzling Spray
  3558 | D:4      | Found a runed translucent door.
  3559 | D:4      | Noticed Conn's ghost (amateur OpFE)
  3905 | D:5      | Entered Level 5 of the Dungeon
  3905 | D:5      | Found a staircase to the Ecumenical Temple.
  3923 | D:5      | Reached skill level 5 in Conjurations
  3923 | D:5      | Reached XP level 6. HP: 38/51 MP: 1/10
  4042 | D:5      | Noticed Edmund
  4091 | D:4      | Killed Edmund
  4289 | D:4      | Reached skill level 4 in Fighting
  4562 | D:5      | Your scales start taking on a golden yellow colour.
  4562 | D:5      | Reached XP level 7. HP: 59/59 MP: 12/12
  4562 | D:5      | Gained mutation: You are resistant to acid. (rCorr) [Yellow
                  | Draconian growth]
  4718 | D:5      | Reached skill level 5 in Fighting
  4736 | D:5      | Reached * piety under Vehumet
  4736 | D:5      | Offered knowledge of Freeze by Vehumet.
  5235 | D:5      | Noticed Grum
  5256 | D:5      | Killed Grum
  5290 | D:5      | Noticed a wyvern
  5303 | D:5      | Killed a wyvern
  5303 | D:5      | Reached skill level 6 in Fighting
  5303 | D:5      | Reached XP level 8. HP: 19/69 MP: 1/14
  5602 | D:5      | Found a shattered altar of Ashenzari.
  6163 | Temple   | Entered the Ecumenical Temple
  6411 | D:6      | Noticed Pikel
  6706 | D:6      | Reached skill level 7 in Fighting
  6775 | D:6      | Learned a level 4 spell: Iskenderun's Mystic Blast
  6831 | D:6      | Found a runed translucent door.
  6832 | D:6      | Noticed Crazy Yiuf
  6938 | D:5      | Killed Pikel
  6938 | D:5      | Reached skill level 5 in Dodging
  6938 | D:5      | Reached skill level 5 in Spellcasting
  6938 | D:5      | Reached XP level 9. HP: 55/80 MP: 0/16
  7296 | D:6      | Reached skill level 8 in Fighting
  7847 | D:7      | HP: 1/81 [orc priest/divine providence (9)]
  7851 | D:7      | Succumbed to a killer bee's poison

Skill      XL: |  1  2  3  4  5  6  7  8  9 |
---------------+----------------------------+-----
Dodging        | 2 3 4 5 |  5.4
Fighting       | 1 2 3 4 6 7 8 |  8.4
Spellcasting   | 3 4 5 |  5.5
Conjurations   | 5 6 7 |  7.0
Stealth        | |  1.7

Action                   |  1- 3 |  4- 6 |  7- 9 || total
-------------------------+-------+-------+-------++-------
Melee: Whip              |    30 |    96 |   258 ||   384
       Tailslap          |     2 |    18 |    22 ||    42
       Dagger            |       |   111 |       ||   111
       Great mace        |       |     3 |       ||     3
Throw: Dart              |       |     3 |       ||     3
 Cast: Magic Dart        |    29 |    63 |    22 ||   114
       Dazzling Spray    |       |    13 |    20 ||    33
       Iskenderun's Myst |       |       |     8 ||     8
 Abil: Breathe Acid      |       |       |     4 ||     4
  Use: Potion            |       |     3 |     2 ||     5
       Scroll            |       |       |     5 ||     5
 Stab: Invisible         |       |     4 |     5 ||     9
       Sleeping          |       |       |     1 ||     1
  Eat: Chunk             |     1 |     9 |    13 ||    23
       Ration            |       |     1 |       ||     1
Armor: Skin              |    16 |    64 |   110 ||   190
Dodge: Dodged            |    23 |   171 |   271 ||   465
